Map: Ascension to Aiur LE

Players

PtitDrogo - Winner!

  • Race: Protoss Protoss
  • League: Master
  • Spawn Location: 11:00

liquidthermy (uThermal)

  • Race: Terran Terran
  • League: Master
  • Spawn Location: 5:00

Event: HomeStory Cup XV

VOD

Have the link to the VOD?

Description

Time

  • Played on: July 22, 2017, 5:45 p.m.
  • Length: 15:27

All games in this series

Show
View Real Time Build Order
Export as new Build Order

PtitDrogo Protoss - Winner!

Build Orders: 1 Gate Expand, Oracle Opening 

Get SALT Encoding   

  12  0:01  Probe (Chrono Boost)  
  13  0:11  Probe (Chrono Boost)  
  14  0:18  Pylon  
  14  0:22  Probe (Chrono Boost)  
  15  0:36  Probe (Chrono Boost), Gateway  
  15  0:41  Assimilator  
  16  0:46  Probe (Chrono Boost)  
  17  0:57  Probe (Chrono Boost)  
  18  1:08  Probe (Chrono Boost)  
  19  1:18  Probe (Chrono Boost)  
  20  1:26  Nexus  
  20  1:30  Probe (Chrono Boost)  
  21  1:35  Cybernetics Core  
  21  1:41  Probe (Chrono Boost)  
  21  1:44  Assimilator  
  22  1:51  Probe (Chrono Boost)  
  22  1:54  Pylon  
  23  2:11  Warp Gate  
  23  2:12  Probe, Adept (Chrono Boost)  
  26  2:24  Probe  
  27  2:32  Stargate  
  27  2:36  Probe  
  28  2:37  Probe  
  28  2:38  Adept (Chrono Boost)  
  31  2:48  Probe x2  
  33  2:58  Probe  
  33  3:00  Probe  
  33  3:01  Adept (Chrono Boost)  
  37  3:09  Probe  
  37  3:12  Probe  
  39  3:13  Gateway  
  39  3:15  Gateway  
  39  3:19  Probe  
  39  3:20  Oracle (Chrono Boost)  
  39  3:26  Probe  
  44  3:30  Probe  
  45  3:35  Pylon  
  45  3:37  Pylon  
  45  3:38  Probe  
  46  3:52  Probe  
  46  3:53  Probe, Oracle (Chrono Boost)  
  51  3:58  Nexus  
  51  4:01  Pylon  
  51  4:06  Mothership Core  
  53  4:11  Pylon  
  53  4:15  Stalker  
  53  4:17  Stalker  
  57  4:20  Assimilator  
  57  4:23  Stalker  
  59  4:25  Probe  
  59  4:30  Probe  
  61  4:38  Stalker  
  61  4:44  Stalker  
  61  4:45  Probe  
  66  4:48  Assimilator  
  66  4:50  Probe  
  67  4:57  Probe  
  65  5:03  Stalker  
  65  5:04  Stalker  
  66  5:08  Probe  
  66  5:10  Probe x2 (Chrono Boost)  
  69  5:20  Probe (Chrono Boost)  
  70  5:21  Twilight Council  
  70  5:22  Forge, Probe (Chrono Boost)  
  70  5:23  Robotics Facility  
  70  5:25  Probe (Chrono Boost)  
  72  5:30  Pylon, Adept x3  
  72  5:32  Probe (Chrono Boost)  
  72  5:33  Probe (Chrono Boost)  
  81  5:35  Probe (Chrono Boost)  
  81  5:43  Probe (Chrono Boost)  
  81  5:44  Probe (Chrono Boost)  
  81  5:48  Gateway  
  83  5:51  Gateway  
  83  6:00  Probe (Chrono Boost), Sentry x2  
  83  6:01  Sentry  
  83  6:02  Probe x2 (Chrono Boost)  
  92  6:08  Blink (Chrono Boost)  
  92  6:11  Probe (Chrono Boost)  
  93  6:17  Gateway  
  93  6:20  Probe  
  93  6:22  Gateway  
  92  6:29  Pylon  
  92  6:31  Pylon  
  91  6:33  Pylon  
  91  6:34  Photon Cannon, Immortal (Chrono Boost)  
  91  6:37  Photon Cannon  
  91  6:38  Zealot x2  
  91  6:39  Photon Cannon  
  91  6:48  Oracle  
  91  6:49  Stalker x3  
  80  6:58  Stalker  
  66  7:02  Probe  
  66  7:03  Probe  
  66  7:05  Stalker  
  65  7:12  Zealot x3  
  69  7:18  Stalker  
  67  7:23  Protoss Ground Weapons Level 1 (Chrono Boost)  
  67  7:27  Probe x2  
  67  7:28  Probe  
  70  7:38  Sentry  
  70  7:39  Probe  
  70  7:40  Probe  
  70  7:42  Stalker x2  
  82  7:58  Warp Prism (Chrono Boost)  
  80  8:02  Probe  
  80  8:04  Assimilator  
  80  8:05  Assimilator  
  82  8:08  Probe  
  82  8:10  Mothership Core, Robotics Bay  
  84  8:12  Resonating Glaives  
  84  8:14  Probe  
  85  8:20  Probe  
  85  8:26  Probe  
  87  8:28  Pylon  
  87  8:37  Immortal (Chrono Boost)  
  87  8:38  Stalker x4  
  99  8:41  Pylon  
  99  9:00  Gateway  
  99  9:04  Extended Thermal Lance (Chrono Boost), Colossus (Chrono Boost)  
  99  9:16  Sentry  
  107  9:18  Nexus  
  107  9:21  Pylon  
  107  9:23  Protoss Ground Armor Level 1 (Chrono Boost)  
  107  9:28  Pylon  
  107  9:33  Forge  
  107  9:34  Pylon  
  107  9:36  Pylon  
  107  9:38  Pylon  
  107  9:42  Robotics Facility  
  107  9:45  Stalker x2  
  111  9:50  Colossus  
  117  10:02  Photon Cannon  
  117  10:06  Protoss Ground Weapons Level 2 (Chrono Boost)  
  117  10:08  Pylon  
  117  10:09  Pylon  
  117  10:11  Sentry, Adept x4  
  127  10:17  Adept  
  129  10:31  Colossus  
  135  10:37  Colossus  
  133  10:44  Stalker x3  
  133  10:45  Adept  
  133  10:48  Probe  
  147  10:54  Adept  
  147  10:55  Adept  
  152  10:59  Probe  
  149  11:09  Probe  
  149  11:10  Stalker x2  
  149  11:11  Stalker x3  
  160  11:20  Probe  
  160  11:23  Colossus, Adept x3  
  160  11:25  Observer  
  172  11:40  Adept x5  
  177  11:59  Adept x3  
  177  12:00  Photon Cannon  
  171  12:03  Photon Cannon, Assimilator, Adept x2  
  171  12:04  Assimilator  
  171  12:07  Photon Cannon  
  173  12:08  Pylon  
  173  12:10  Adept x3  
  173  12:14  Protoss Ground Weapons Level 3 (Chrono Boost)  
  179  12:17  Probe, Disruptor  
  179  12:22  Protoss Ground Armor Level 2 (Chrono Boost)  
  183  12:29  Photon Cannon  
  178  12:32  Warp Prism (Chrono Boost)  
  179  12:39  Photon Cannon  
  175  12:52  Stalker x4  
  175  12:57  Templar Archives  
  183  13:05  Adept x4  
  191  13:27  Gateway  
  191  13:29  Gateway  
  191  13:30  Adept x2  
  191  13:31  Adept  
  191  13:32  Gateway  
  191  13:41  Dark Shrine  
  151  13:55  Adept x4  
  151  13:56  Adept x4  
  144  14:22  Adept x5  
  122  14:36  Stalker x3  
  118  14:47  Adept  
  120  15:09  Stalker x2  
  122  15:17  Stalker  
Show
View Real Time Build Order
Export as new Build Order

liquidthermy Terran 

Build Orders: Reaper Expand 

Get SALT Encoding   

  12  0:02  SCV  
  13  0:14  SCV  
  14  0:17  Supply Depot  
  14  0:26  SCV  
  14  0:27  Refinery  
  15  0:38  SCV  
  16  0:44  Barracks  
  16  0:51  SCV  
  17  1:03  SCV  
  18  1:15  SCV  
  19  1:31  Orbital Command  
  19  1:32  Reaper  
  20  1:50  Command Center  
  20  1:56  SCV  
  21  2:05  Factory  
  21  2:06  Barracks Reactor  
  21  2:11  SCV  
  22  2:19  Refinery  
  22  2:21  Supply Depot  
  22  2:25  SCV  
  23  2:42  SCV  
  23  2:43  Factory  
  24  2:45  Marine x2  
  24  2:48  Widow Mine  
  28  2:54  SCV  
  29  3:02  Orbital Command  
  29  3:03  Marine  
  30  3:07  SCV  
  30  3:10  Marine  
  32  3:23  Cyclone  
  32  3:26  SCV  
  36  3:28  Cyclone  
  38  3:34  Engineering Bay  
  38  3:39  Supply Depot  
  38  3:40  Marine  
  39  3:42  Marine  
  40  3:54  SCV x2  
  40  3:55  Cyclone  
  45  4:00  Supply Depot  
  45  4:04  Cyclone  
  48  4:13  Marine  
  48  4:14  Marine  
  50  4:24  SCV  
  50  4:25  SCV  
  50  4:27  Cyclone  
  55  4:31  Marine  
  55  4:37  SCV  
  55  4:39  Cyclone  
  55  4:41  SCV  
  55  4:44  Marine  
  60  4:49  Marine  
  54  5:01  Cyclone  
  54  5:02  Marine  
  54  5:05  SCV x2  
  57  5:07  Supply Depot  
  57  5:17  SCV  
  57  5:18  Cyclone  
  57  5:19  SCV  
  62  5:29  SCV  
  62  5:31  SCV  
  62  5:32  Marine x2  
  65  5:40  Supply Depot  
  65  5:41  SCV  
  66  5:44  SCV  
  66  5:48  Cyclone  
  70  6:02  SCV, Supply Depot  
  72  6:04  SCV  
  72  6:07  Command Center  
  72  6:13  Supply Depot  
  72  6:14  SCV  
  72  6:16  SCV  
  73  6:24  Cyclone  
  72  6:26  SCV  
  72  6:28  SCV  
  72  6:30  Marine x2  
  76  6:38  SCV  
  77  6:40  SCV  
  74  6:47  Marine  
  74  6:50  SCV  
  74  6:52  SCV  
  67  6:56  Cyclone  
  65  7:02  SCV  
  65  7:04  SCV  
  65  7:08  Barracks  
  67  7:09  Barracks  
  67  7:10  Marine, Refinery x2  
  67  7:11  Marine  
  67  7:14  SCV  
  70  7:16  SCV  
  68  7:23  Orbital Command  
  68  7:26  SCV  
  68  7:28  SCV  
  64  7:31  Terran Infantry Weapons Level 1  
  64  7:33  Starport  
  64  7:36  Marine x2, Engineering Bay  
  65  7:38  SCV, Factory Tech Lab  
  65  7:41  SCV  
  68  7:50  SCV  
  69  7:52  SCV  
  69  7:53  SCV  
  69  7:54  Barracks  
  69  7:55  Barracks  
  69  8:03  SCV  
  69  8:04  SCV  
  69  8:05  SCV  
  72  8:06  Barracks Tech Lab  
  72  8:08  Terran Infantry Armor Level 1  
  72  8:11  Missile Turret  
  72  8:12  Missile Turret x2  
  71  8:15  SCV, Marine  
  71  8:16  Stimpack, Marine, Factory Reactor, SCV  
  71  8:17  SCV  
  76  8:22  Marine  
  76  8:25  Combat Shields  
  76  8:26  Marine  
  79  8:27  SCV, Starport Reactor  
  79  8:28  SCV  
  79  8:34  Marauder  
  82  8:35  SCV  
  82  8:36  Marine  
  84  8:41  SCV  
  84  8:44  Marauder  
  84  8:45  Barracks Reactor, Barracks Tech Lab  
  84  8:46  SCV  
  88  8:50  Marine  
  88  8:51  Supply Depot  
  88  8:52  Supply Depot  
  88  8:53  Supply Depot  
  88  8:54  Marine  
  88  8:55  Marauder, SCV, Armory  
  92  8:57  Widow Mine  
  92  8:58  Widow Mine  
  96  9:04  Marine  
  96  9:05  Refinery  
  96  9:06  Marauder, Sensor Tower  
  96  9:07  Medivac  
  96  9:08  Marine  
  96  9:09  Medivac  
  104  9:12  Refinery  
  104  9:19  Missile Turret  
  104  9:22  Missile Turret  
  104  9:24  Marauder, Marine x3, Missile Turret  
  104  9:27  Widow Mine x2  
  113  9:35  Supply Depot  
  113  9:36  Supply Depot  
  113  9:37  Medivac, Supply Depot  
  115  9:39  Medivac  
  115  9:45  Terran Infantry Weapons Level 2  
  117  9:51  Marine x2  
  117  9:52  Marauder  
  119  9:55  Widow Mine x2  
  119  9:58  Marine x2  
  119  9:59  Marauder  
  127  10:07  Barracks, Medivac  
  127  10:08  Barracks  
  127  10:09  Marine, Barracks  
  127  10:10  Marine  
  131  10:14  Marine  
  131  10:15  Ghost Academy  
  132  10:24  Marine, Widow Mine  
  132  10:25  Marauder, Medivac  
  139  10:29  Marine  
  139  10:31  Supply Depot  
  142  10:40  Widow Mine  
  142  10:41  Marine x2  
  148  10:45  Terran Infantry Armor Level 2  
  148  10:47  Ghost  
  146  10:51  Ghost  
  146  10:55  Barracks Tech Lab  
  146  10:56  Barracks Reactor, Barracks Tech Lab  
  147  11:02  Marauder, Marine x2  
  140  11:12  Marine  
  140  11:13  Marine  
  140  11:14  Marauder  
  140  11:16  Marauder  
  136  11:28  Marauder, Marine x3  
  136  11:29  Marauder  
  136  11:30  Medivac x2  
  139  11:36  Marine  
  139  11:37  Marauder x2, Marine  
  139  11:38  Widow Mine x2  
  149  11:47  Marine, Supply Depot  
  149  11:48  Marine, Supply Depot  
  149  11:49  Marine x2  
  149  11:51  Marine  
  154  12:01  Marine x2, Concussive Shells  
  152  12:02  Marauder  
  152  12:06  Marine  
  152  12:07  Marauder, Supply Depot  
  155  12:10  Marine  
  155  12:11  Marauder  
  155  12:13  Marine  
  155  12:14  Marauder  
  159  12:21  Marauder, Marine  
  162  12:23  Marine  
  162  12:24  Marauder  
  162  12:28  Marauder, Marine  
  162  12:29  Marine  
  167  12:30  Marine  
  168  12:39  Marine x2  
  168  12:40  Marauder  
  168  12:41  Marine  
  173  12:48  Medivac  
  173  12:49  Medivac  
  173  12:50  Marine  
  173  12:51  Marauder  
  178  13:01  Marine x2  
  178  13:09  Marine  
  178  13:10  Marauder  
  180  13:18  Marine x2  
  180  13:19  Marauder x2  
  180  13:27  Marine  
  180  13:28  Marauder, Marine  
  180  13:29  Marauder  
  186  13:34  Marine  
  186  13:35  Marauder  
  145  14:16  Liberator  
  143  14:17  Orbital Command  
  143  14:31  Orbital Command, Marine  
  126  14:33  Marauder, Marine x4, Medivac  
  126  14:37  Marine  
  118  14:38  Marauder  
  118  14:39  Marauder  
  118  14:40  Marauder  
  111  14:49  Marine  
  111  14:51  Marine x2  
Tags
 
Add a new tag
Caveats
  • Supply blocks, unpowered buildings, or Contaminate may cause inaccurate times.
  • Supply counts are checked every 10 seconds.